 Dungeon Crawl Stone Soup version 0.27-a0-216-g1fbed8a51c (webtiles) character file.

Game seed: 15891472312259829124

476 puppykicker the Slasher (level 6, -11/55 HPs)
             Began as a Palentonga Abyssal Knight on Feb 1, 2021.
             Was an Elder of Lugonu.
             Mangled by Menkaure (21 damage)
             ... on level 5 of the Dungeon.
             The game lasted 00:11:18 (4137 turns).

puppykicker the Slasher (Palentonga Abyssal Knight) Turns: 4137, Time: 00:11:19

Health: -11/55     AC:  8    Str: 17    XL:     6   Next: 84%
Magic:  8/8        EV: 10    Int: 12    God:    Lugonu [****..]
Gold:   155        SH:  0    Dex: 10    Spells: 5/5 levels left

rFire    . . .     SeeInvis +   a - +1 falchion
rCold    + . .     Faith    +   (no shield)
rNeg     . . .     Spirit   .   s - +0 leather armour
rPois    .         Reflect  .   m - +1 helmet
rElec    .         Harm     .   D - scarf {shadows}
rCorr    +         Rampage  .   k - +0 pair of gloves
Will     .....                  (no barding)
Stlth    +.........             l - amulet of faith {Faith, !P}
HPRegen  0.18/turn              I - ring of protection from cold
MPRegen  0.11/turn              C - ring of resist corrosion

@: no status effects
A: large, rugged brown scales 3, see invisible, deformed body, roll 1, armoured
tail
a: Rolling Charge, Renounce Religion, Depart the Abyss, Bend Space, Banish,
Corrupt


You were on level 5 of the Dungeon.
You worshipped Lugonu.
Lugonu was greatly pleased with you.
You visited 1 branch of the dungeon, and saw 5 of its levels.
You visited the Abyss 1 time.

You collected 285 gold pieces.
You spent 130 gold pieces at shops.

Inventory:

Hand Weapons
 a - a +1 falchion (weapon)
 b - a +2 dagger of venom
Missiles
 j - 20 poisoned darts (quivered)
 o - 5 javelins
 q - 5 curare-tipped darts
 x - 14 boomerangs
Armour
 k - a +0 pair of gloves (worn)
 m - a +1 helmet (worn)
 s - a +0 leather armour (worn)
 v - a +0 plate armour
 y - a +0 cloak
 D - a scarf of shadows (worn)
Jewellery
 l - an amulet of faith (around neck) {Faith, !P}
 C - a ring of resist corrosion (right hand)
 I - a ring of protection from cold (left hand)
Wands
 r - a wand of flame (29)
Scrolls
 c - 2 scrolls of remove curse
 f - 2 scrolls of fog {unknown}
 g - a scroll of amnesia
 i - a scroll of immolation {unknown}
 p - a scroll of enchant armour {unknown}
 t - 3 scrolls of teleportation
 w - a scroll of random uselessness {unknown}
 A - a scroll of enchant weapon {unknown}
 B - a scroll of fear {unknown}
Potions
 d - 3 potions of curing
 e - a potion of invisibility
 h - 2 potions of mutation {!q}
 n - 2 potions of flight
 u - a potion of might {unknown}
 z - a potion of cancellation {unknown}
 E - a potion of lignification {unknown}


   Skills:
 + Level 4.1 Fighting
 * Level 4.6 Long Blades
 + Level 2.8 Armour
 + Level 2.3 Dodging
 + Level 3.7 Invocations


You had 5 spell levels left.
You didn't know any spells.
Your spell library contained the following spells:

 Spells                   Type           Power        Failure   Level
 Confusing Touch          Hex            0%           75%         3
 Gell's Gravitas          Tloc           0%           75%         3
 Petrify                  Tmut/Erth      0%           98%         4
 Metabolic Englaciation   Hex/Ice        0%           100%        5
 Yara's Violent Unravell  Hex/Tmut       0%           100%        5


Dungeon Overview and Level Annotations

Branches:
Dungeon (5/15)
 Temple: D:4-7

Altars:
Ashenzari
Fedhas
Kikubaaqudgha
Okawaru
Ru

Shops:
D:4 [

Annotations:
D:5 Menkaure


Innate Abilities, Weirdness & Mutations

You are completely covered in rugged brown scales. (AC +3, +7% HP)
You have supernaturally acute eyesight. (SInv)
Armour fits poorly on your strangely shaped body.
You can roll at nearby foes to attack.
You have a long armoured tail.


Message History

You hit Menkaure but do no damage. You tail-slap Menkaure!
You hear a shout! x3
Menkaure hits you!
You take 9 damage, and have 46/55 hp.
You barely miss Menkaure.
Menkaure calls on the powers of darkness!
Your body is wracked with pain!
* * * LOW HITPOINT WARNING * * *
You take 22 damage, and have 24/55 hp.
MASSIVE DAMAGE!!
You are too injured to fight recklessly!
You are too injured to fight recklessly!
You are too injured to fight recklessly!
You are too injured to fight recklessly!
You barely miss Menkaure. You tail-slap Menkaure. Menkaure hits you!
* * * LOW HITPOINT WARNING * * *
You take 15 damage, and have 9/55 hp.
MASSIVE DAMAGE!!
You hit Menkaure. Menkaure hits you!!
You die...

###### #..... #....#
#..... #....# #.....
#....# #..._. #....#
##....
#########....######....
.............).........
.....M.......##########
......@......### #
...............########
........°..............
.................<.....
$........###...........
.........# #...........
..######## ##..........
#.......... #..........


You could see Menkaure (fast).

Levels and vault maps discovered:
D:1:      scummos_arrival_hexagon, layout_basic, chequers_serial_rivers_large_b
D:2:      layout_loops_ring, grunt_temple_overflow_growth_and_decay,
          evilmike_ruin_ashenzari, okawaru_gym_becter
D:3:      wad_woods_tower, layout_basic, minivault_25, uniq_ijyb
D:4:      layout_basic, kennysheep_little_box, serial_shops, shop,
          minmay_misc_feat_enclosed
D:5:      layout_basic, basic_altar, serial_shops, nicolae_shop_trees,
          kennysheep_windowed_goal, uniq_blork_the_orc, uniq_eustachio,
          uniq_menkaure

Notes
Turn   | Place    | Note
-------+----------+-------------------------------------------
     0 | Abyss:1  | puppykicker the Palentonga Abyssal Knight began the quest
                  | for the Orb.
     0 | Abyss:1  | Reached XP level 1. HP: 20/20 MP: 2/2
    11 | D:1      | Escaped the Abyss
    13 | D:1      | Identified a +0 dagger
    13 | D:1      | Identified a +3 short sword
    27 | D:1      | Identified a +0 club
   177 | D:1      | Identified a +0 club
   191 | D:1      | Reached skill level 1 in Dodging
   191 | D:1      | Reached XP level 2. HP: 21/27 MP: 3/3
   346 | D:1      | Identified a +0 club
   348 | D:1      | Identified a +0 dagger
   353 | D:1      | Identified a +0 club
   367 | D:1      | Identified a cursed -2 club
   441 | D:1      | Reached ** piety under Lugonu
   473 | D:1      | Identified a +0 whip
   483 | D:1      | Identified a ring of protection from cold (You found it on
                  | level 1 of the Dungeon)
   581 | D:1      | Reached XP level 3. HP: 33/33 MP: 4/4
   792 | D:2      | Identified a +0 pair of gloves (You found it on level 2 of
                  | the Dungeon)
   846 | D:2      | HP: 8/33 [poisoned by a kobold]
   854 | D:2      | HP: 7/33 [poisoned by a kobold]
  1127 | D:2      | Identified an uncursed amulet of faith (You found it on
                  | level 2 of the Dungeon)
  1190 | D:2      | Reached skill level 2 in Armour
  1424 | D:2      | Found an iron altar of Okawaru.
  1533 | D:2      | Found a blossoming altar of Fedhas.
  1534 | D:2      | Found an ancient bone altar of Kikubaaqudgha.
  1673 | D:2      | Identified a +0 club
  1719 | D:2      | Found a broken altar of Ashenzari.
  1823 | D:2      | Reached skill level 3 in Long Blades
  1823 | D:2      | Identified 2 scrolls of remove curse
  1824 | D:2      | Identified 2 scrolls of teleportation
  1851 | D:2      | Identified a +1 helmet (You found it on level 2 of the
                  | Dungeon)
  1915 | D:3      | Reached XP level 4. HP: 35/40 MP: 5/5
  1938 | D:3      | Identified a +0 hand axe
  1938 | D:3      | Identified a cursed +0 leather armour
  1974 | D:3      | Reached *** piety under Lugonu
  2042 | D:3      | Identified a +0 whip
  2084 | D:3      | Identified a +2 dagger of venom
  2084 | D:3      | Identified a +0 leather armour
  2084 | D:3      | Noticed Ijyb
  2099 | D:3      | Killed Ijyb
  2106 | D:3      | Identified a +1 falchion
  2112 | D:3      | HP: 10/40 [poisoned by Ijyb]
  2118 | D:3      | HP: 7/40 [poisoned by Ijyb]
  2125 | D:3      | HP: 5/40 [poisoned by Ijyb]
  2132 | D:3      | HP: 4/40 [poisoned by Ijyb]
  2140 | D:3      | HP: 3/40 [poisoned by Ijyb]
  2504 | D:3      | Identified 5 scrolls of identify
  2504 | D:3      | Identified 3 potions of curing
  2505 | D:3      | Identified a potion of mutation
  2506 | D:3      | Identified a potion of flight
  2507 | D:3      | Identified a potion of invisibility
  2508 | D:3      | Identified a scroll of amnesia
  2650 | D:3      | Identified a +0 club
  2752 | D:3      | Identified a +0 whip
  2760 | D:3      | Reached XP level 5. HP: 29/48 MP: 7/7
  2946 | D:3      | Identified a +0 club
  2946 | D:3      | Identified a +0 dagger
  2969 | D:3      | Identified a +0 dagger
  3208 | D:4      | Found a sacrificial altar of Ru.
  3253 | D:4      | Reached skill level 3 in Invocations
  3446 | D:4      | Identified a ring of intelligence (You found it on level 4
                  | of the Dungeon)
  3471 | D:4      | Found Hoha's Antique Armour Boutique.
  3474 | D:4      | Identified a ring of resist corrosion (You found it on
                  | level 4 of the Dungeon)
  3477 | D:4      | Bought a cloak for 130 gold pieces
  3482 | D:4      | Identified a +0 cloak (You bought it in a shop on level 4
                  | of the Dungeon)
  3624 | D:5      | Entered Level 5 of the Dungeon
  3682 | D:5      | Identified a scarf of shadows (You found it on level 5 of
                  | the Dungeon)
  3697 | D:5      | Reached **** piety under Lugonu
  3698 | D:5      | Reached skill level 4 in Long Blades
  3715 | D:5      | Found an iron altar of Okawaru.
  3765 | D:5      | Identified a +0 falchion
  3765 | D:5      | Identified a +0 leather armour
  3765 | D:5      | Noticed Eustachio
  3782 | D:5      | Killed Eustachio
  3783 | D:5      | Reached skill level 4 in Fighting
  3783 | D:5      | Reached skill level 2 in Dodging
  3783 | D:5      | Reached XP level 6. HP: 47/55 MP: 8/8
  3861 | D:5      | Identified a +0 dire flail
  3861 | D:5      | Identified a cursed +0 robe
  3861 | D:5      | Noticed Blork the orc
  3875 | D:5      | Killed Blork the orc
  4130 | D:5      | Noticed Menkaure
  4136 | D:5      | HP: 9/55 [Menkaure (15)]
  4137 | D:5      | Mangled by Menkaure

Table legend: (Time is in decaauts)
 A = Elapsed time spent in this place.
 B = Non-inter-level travel time spent in this place.
 C = Inter-level travel time spent in this place.
 D = Time resting spent in this place.
 E = Time spent auto-exploring this place.
 F = Levels seen in this place.
 G = Mean time per level.
                   A        B        C        D        E       F      G
               +--------+--------+--------+--------+--------+-----+--------+
         Total |   4191 |   3984 |    207 |   1245 |   2039 |   6 |  698.5 |
       Dungeon |   4180 |   3973 |    207 |   1245 |   2039 |   5 |  836.0 |
         Abyss |     11 |     11 |      0 |      0 |      0 |   1 |   11.0 |
               +--------+--------+--------+--------+--------+-----+--------+

Top non-repeatable levels by time:
     D:2: 1207 daAuts
     D:3: 1181 daAuts
     D:1: 727 daAuts
     D:4: 551 daAuts
     D:5: 512 daAuts
 Abyss:1: 11 daAuts

Table legend:
 A = Kills in this place as a percentage of kills in entire the game.
 B = Kills by you in this place as a percentage of kills by you in the entire game.
 C = Kills by friends in this place as a percentage of kills by friends in the entire game.
 D = Other kills in this place as a percentage of other kills in the entire game.
 E = Experience gained in this place as a percentage of experience gained in the entire game.
 F = Experience gained in this place divided by the number of levels of this place that you have seen.
                   A       B       C       D       E      F
               +-------+-------+-------+-------+-------+----------------------
         Total | 100.0 | 100.0 |   N/A |   N/A | 100.0 | 113.3
       Dungeon | 100.0 | 100.0 |   N/A |   N/A | 100.0 | 136.0
               +-------+-------+-------+-------+-------+----------------------

Skill      XL: |  1  2  3  4  5 |
---------------+----------------+-----
Dodging        | 1 2 |  2.3
Armour         | 2 |  2.8
Long Blades    | 3 4 |  4.6
Invocations    | 3 |  3.7
Fighting       | 4 |  4.1

Action                   |  1- 3 |  4- 6 || total
-------------------------+-------+-------++-------
Melee: Falchion          |   124 |   134 ||   258
       Tailslap          |     9 |    19 ||    28
       Dagger            |       |    10 ||    10
Throw: Dart              |     7 |    17 ||    24
 Abil: Rolling Charge    |       |     1 ||     1
  Use: Scroll            |     2 |     6 ||     8
 Stab: Sleeping          |       |     1 ||     1
Armor: Leather armour    |    58 |    84 ||   142
Dodge: Dodged            |    82 |    73 ||   155
       Rpst.: Falchion   |    29 |    18 ||    47

Vanquished Creatures
  Eustachio (D:5)
  Blork the orc (D:5)
  2 hounds
  A worker ant (D:4)
  Ijyb (D:3)
  2 gnolls (D:3)
  2 adders
  An ufetubus (D:5)
  2 oozes
  A worm (D:2)
  A dart slug (D:1)
  6 leopard geckos
  An orc (D:3)
  A ball python (D:3)
  4 giant cockroaches
  9 goblins
  6 hobgoblins
  15 jackals
  9 kobolds
  5 quokkas
  4 bats (D:1)
  8 frilled lizards
  A leopard gecko skeleton (D:4)
  7 rats
91 creatures vanquished.

Vanquished Creatures (others)
  4 plants (D:3)
4 creatures vanquished.

Grand Total: 95 creatures vanquished
